Map: Torri del crepuscolo

Players

basti - Winner!

  • Race: Zerg Zerg
  • League: Gold

Jhyrachy

  • Race: Zerg Zerg
  • League: Gold

VOD

Have the link to the VOD?

Description

Time

  • Played on: May 22, 2016, 3:52 p.m.
  • Length: 12:08
Show
View Real Time Build Order
Export as new Build Order

basti Zerg - Winner!

Build Orders: Pool First 

Get SALT Encoding   

  12  0:01  Drone  
  13  0:08  Drone  
  14  0:17  Overlord  
  14  0:36  Drone  
  14  0:37  Drone x2  
  17  0:47  Drone  
  18  0:54  Extractor  
  17  1:02  Spawning Pool, Drone  
  17  1:09  Drone  
  18  1:21  Drone  
  19  1:30  Drone  
  20  1:33  Hatchery  
  19  1:42  Overlord  
  19  1:48  Queen  
  21  1:55  Baneling Nest  
  21  1:57  Drone  
  21  2:04  Drone  
  22  2:17  Metabolic Boost  
  22  2:19  Overlord  
  22  2:25  Zergling x2  
  23  2:37  Zergling x2  
  24  2:47  Drone x2  
  26  3:00  Extractor  
  26  3:02  Lair  
  26  3:05  Drone x3  
  27  3:06  Queen, Drone x2  
  27  3:08  Drone  
  27  3:12  Extractor  
  32  3:16  Drone  
  32  3:18  Drone  
  34  3:24  Baneling x2  
  34  3:25  Baneling  
  34  3:27  Zergling x2  
  35  3:34  Spine Crawler  
  35  3:39  Spine Crawler  
  33  3:44  Zergling x6  
  35  3:54  Zergling x4  
  35  3:55  Zergling x4  
  34  4:10  Zergling x8  
  34  4:25  Zergling x4  
  34  4:26  Zergling x4  
  34  4:30  Baneling x4  
  38  4:34  Drone  
  39  4:40  Extractor  
  38  4:50  Drone  
  38  4:51  Drone  
  40  4:53  Drone  
  40  4:54  Drone  
  40  4:55  Queen  
  40  4:57  Overlord  
  44  5:00  Baneling x2  
  44  5:05  Spire  
  43  5:09  Drone  
  43  5:11  Overlord  
  43  5:12  Overlord  
  44  5:19  Drone x3  
  47  5:25  Baneling x2  
  47  5:30  Drone x2  
  47  5:35  Drone  
  50  5:36  Drone x2  
  50  5:37  Drone  
  50  5:40  Queen  
  55  6:11  Drone x5  
  57  6:16  Mutalisk x4  
  68  6:20  Overlord, Zerg Flyer Armor Level 1  
  68  6:22  Overlord  
  68  6:27  Overlord  
  68  6:39  Mutalisk x3  
  70  6:41  Mutalisk  
  70  6:46  Mutalisk  
  78  7:03  Mutalisk  
  78  7:04  Mutalisk  
  82  7:25  Hatchery  
  82  7:26  Zergling x4, Mutalisk x2  
  85  7:46  Mutalisk x2  
  85  7:48  Zergling x6  
  92  7:54  Overlord x3  
  92  7:58  Roach Warren  
  74  8:35  Zergling x18  
  74  8:36  Zergling x6  
  85  8:49  Zergling x6  
  85  8:50  Zergling x2  
  85  8:53  Zerg Flyer Weapons Level 1  
  88  8:57  Mutalisk x2  
  86  9:07  Mutalisk  
  84  9:14  Roach x3  
  90  9:17  Glial Reconstitution  
  90  9:20  Mutalisk x3  
  96  9:26  Roach x3  
  91  9:46  Zergling x6  
  91  9:47  Zergling x6, Mutalisk x4  
  97  10:01  Zergling x2  
  97  10:02  Zergling x14  
  103  10:13  Roach x5  
  112  10:23  Drone  
  112  10:27  Extractor  
  112  10:36  Roach x5  
  116  11:03  Zergling x2  
  116  11:04  Zergling x10  
  109  11:11  Zergling x4  
  109  11:12  Zergling x10  
  103  11:35  Roach x6  
  103  11:36  Zergling x12, Roach x2  
Show
View Real Time Build Order
Export as new Build Order

Jhyrachy Zerg 

Build Orders: Pool First 

Get SALT Encoding   

  12  0:02  Drone  
  13  0:08  Drone  
  14  0:17  Overlord  
  14  0:36  Drone  
  14  0:37  Drone x2  
  17  0:49  Extractor  
  16  0:51  Spawning Pool, Drone  
  16  0:59  Drone  
  17  1:20  Drone  
  17  1:25  Hatchery  
  17  1:30  Drone  
  18  1:34  Overlord  
  18  1:44  Queen  
  20  1:58  Zergling x4  
  20  1:59  Metabolic Boost  
  22  2:09  Zergling x2  
  23  2:21  Zergling x2  
  24  2:24  Queen  
  26  2:35  Zergling x4  
  28  2:38  Overlord  
  28  2:55  Zergling x8  
  28  2:56  Overlord  
  32  3:14  Evolution Chamber, Drone  
  32  3:16  Zergling x6  
  25  4:22  Roach Warren  
  21  4:26  Zerg Ground Armor Level 1  
  21  4:29  Drone x2  
  21  4:30  Drone x2  
  21  4:31  Drone x6  
  28  4:32  Drone x2  
  33  4:54  Extractor  
  32  5:03  Spore Crawler  
  32  5:04  Lair  
  31  5:08  Spore Crawler  
  31  5:13  Spore Crawler  
  29  5:14  Spore Crawler  
  29  5:17  Spore Crawler  
  29  5:20  Drone x3  
  29  5:21  Drone x3  
  33  5:28  Queen  
  35  5:36  Drone x2  
  35  5:37  Drone x3  
  35  5:38  Roach  
  35  5:39  Roach x3  
  48  5:57  Extractor  
  48  5:58  Drone x2  
  49  6:04  Pneumatized Carapace  
  49  6:11  Drone x2  
  51  6:12  Drone  
  51  6:13  Overlord x2  
  51  6:18  Overseer  
  52  6:25  Overlord  
  52  6:31  Queen  
  54  6:33  Drone  
  55  6:41  Hydralisk Den  
  54  7:01  Overlord x2  
  54  7:06  Zerg Missile Weapons Level 1  
  54  7:16  Muscular Augments  
  54  7:20  Hydralisk x4  
  54  7:22  Roach x3  
  68  7:33  Spore Crawler  
  68  7:58  Hydralisk x2  
  70  8:00  Roach x2  
  70  8:01  Overlord x2  
  76  8:06  Spore Crawler  
  67  8:18  Hydralisk x5  
  69  8:22  Queen x2  
  61  8:35  Hydralisk x2  
  61  8:43  Spore Crawler  
  54  9:14  Roach  
  54  9:15  Roach x5  
  60  9:44  Spine Crawler  
  51  9:47  Spore Crawler  
  40  9:53  Spine Crawler  
  40  9:59  Zergling x2  
  39  10:00  Zergling x20  
  39  10:06  Spore Crawler  
  47  10:10  Spine Crawler  
  46  10:20  Queen x2  
  48  10:50  Hydralisk Den  
  42  11:02  Roach x6  
  42  11:03  Roach  
  39  11:43  Spore Crawler  
  40  11:57  Spore Crawler  
Tags
 
Add a new tag
Caveats
  • Supply blocks, unpowered buildings, or Contaminate may cause inaccurate times.
  • Supply counts are checked every 10 seconds.